Construct Section Command Post
Selects Australian Defense Battlegroup
Selects Australian Light Infantry Section
Australian Light Infantry Section
Australian Light Infantry Section
Construct Field Infirmary
Selects 2-pounder Anti-tank Gun Team
2-pounder Anti-tank Gun Team
Australian Light Infantry Section
Construct Platoon Command Post
Construct Company Command Post
Selects CMP 15cwt Supply Run
Selects Reinforced Resource Caches
Selects Charged Creeping Barrage